 Dungeon Crawl Stone Soup version 0.28.0-45-g0d030f2227 (webtiles) character file.

Game seed: 11996586967224187834

103242 CryoSword the Warrior (level 16, -8/277 HPs)
             Began as an Ogre Berserker on Apr 17, 2022.
             Was a High Priest of Trog.
             Mangled by a death knight
             ... wielding a +2 morningstar
              (14 damage)
             ... on level 15 of the Dungeon.
             The game lasted 00:49:21 (21588 turns).

CryoSword the Warrior (Ogre Berserker)             Turns: 21588, Time: 00:49:22

Health: -8/277     AC: 14    Str: 25    XL:     16   Next: 35%
Magic:  16/16      EV: 18    Int:  8    God:    Trog [*****.]
Gold:   1908       SH:  0    Dex: 14    Spells: 15/15 levels left

rFire   . . .      SeeInvis +   a - +4 giant spiked club (vamp)
rCold   . . .      Faith    .   (shield currently unavailable)
rNeg    . . .      Spirit   .   B - +1 robe of Vines {NoPotionHeal Regen++++}
rPois   .          Reflect  .   y - +2 hat {SInv}
rElec   .          Harm     .   r - +2 cloak {Stlth+}
rCorr   .          Rampage  .   (gloves unavailable)
Will    +....                   (boots unavailable)
Stlth   ..........              c - amulet of regeneration
HPRegen 5.56/turn               w - +4 ring of evasion
MPRegen 0.15/turn               S - +4 ring of protection

@: berserking, weak-willed, strong-willed, regenerating, slowed
A: large, unfitting armour, tough skin 1
a: Renounce Religion, Berserk, Trog's Hand, Brothers in Arms


You were on level 15 of the Dungeon.
You worshipped Trog.
Trog was extremely pleased with you.
You visited 2 branches of the dungeon, and saw 21 of its levels.
You also visited: Sewer.

You collected 1908 gold pieces.

Inventory:

Hand Weapons
 a - a +4 vampiric giant spiked club (weapon)
   (You took it off an ogre on level 4 of the Dungeon)
Missiles
 k - 51 poisoned darts
 p - 6 throwing nets
 u - 2 curare-tipped darts
 D - 4 atropa-tipped darts
 H - 14 boomerangs (quivered)
 I - 11 javelins
 N - 3 silver boomerangs
 U - 18 large rocks
Armour
 r - a +2 cloak of stealth (worn)
   (You took it off Crazy Yiuf on level 5 of the Dungeon)
 y - a +2 hat of see invisible (worn)
   (You took it off Gastronok on level 3 of the Lair of Beasts)
 B - the +1 robe of Vines (worn) {NoPotionHeal Regen++++}
   (You found it on level 1 of the Lair of Beasts)

   Its wearer cannot be healed by potions.
   Regen:     It increases your rate of health regeneration.
 G - +0 swamp dragon scales
   (You took it off Maggie on level 9 of the Dungeon)
Jewellery
 c - an amulet of regeneration (around neck)
   (You found it on level 4 of the Dungeon)
 h - a ring of protection from cold
   (You found it on level 3 of the Lair of Beasts)
 w - a +4 ring of evasion (left hand)
   (You found it on level 5 of the Lair of Beasts)
 E - a ring of flight
   (You found it on level 8 of the Dungeon)
 O - a ring of positive energy
   (You found it on level 2 of the Lair of Beasts)
 S - a +4 ring of protection (right hand)
   (You found it on level 5 of the Lair of Beasts)
 T - a ring of poison resistance
   (You found it on level 12 of the Dungeon)
 X - a ring of resist corrosion
   (You found it on level 13 of the Dungeon)
Wands
 n - a wand of flame (15)
   (You found it on level 1 of the Lair of Beasts)
 q - a wand of digging (15)
   (You took it off Pikel on level 5 of the Dungeon)
 v - a wand of iceblast (12)
   (You found it on level 6 of the Lair of Beasts)
 F - a wand of acid (9)
   (You found it on level 8 of the Dungeon)
Scrolls
 b - 5 scrolls of enchant armour
 f - 7 scrolls of teleportation {@r4}
 g - a scroll of silence {unknown}
 j - 2 scrolls of fear
 m - 3 scrolls of immolation {!r}
 o - 10 scrolls of magic mapping
 J - 3 scrolls of amnesia {unknown}
 K - a scroll of holy word {unknown}
Potions
 d - 3 potions of heal wounds {@q2}
 i - 3 potions of flight
 l - a potion of attraction {unknown}
 s - a potion of haste {@q3}
 t - 2 potions of invisibility
 x - a potion of mutation {!q}
 z - 2 potions of might
 A - 2 potions of berserk rage
 C - 6 potions of curing {@q1}
 L - a potion of cancellation
 P - 4 potions of ambrosia
 Q - 2 potions of resistance
 W - a potion of lignification {unknown}
Miscellaneous
 M - a phantom mirror
   (You found it on level 3 of the Lair of Beasts)
 V - a box of beasts
   (You found it on level 13 of the Dungeon)


   Skills:
 + Level 18.0 Fighting
 * Level 17.9 Maces & Flails
 + Level 9.7 Armour
 + Level 10.3 Dodging
 - Level 5.0 Stealth


You had 15 spell levels left.
You didn't know any spells.
Your spell library was empty.

Dungeon Overview and Level Annotations

Branches:
Dungeon (15/15)            Temple (0/1) D:4            Lair (6/6) D:10
 Shoals (0/4) Lair:3       Spider (0/4) Lair:4        Slime (0/5) Lair:6
    Orc (0/2) D:10         Vaults (0/5) D:14          Sewer (visited)
 Depths: D:15

Altars:
Elyvilon
Fedhas
Makhleb
Trog
Wu Jian
Jiyva

Shops:
D:3 (   D:7 (   D:9 [

Annotations:
D:11 exclusions: ice statue and obsidian statue
Lair:5 exclusion: 4 oklob plants


Innate Abilities, Weirdness & Mutations

You are too large for most types of armour.
You have tough skin. (AC +1)


Message History

You are too injured to fight recklessly!
You are too injured to fight recklessly!
You are too injured to fight recklessly!
You are too injured to fight recklessly!
You are too injured to fight recklessly!
You are too injured to fight recklessly!
You are too injured to fight recklessly!
The cyclops hits you but does no damage.
A death knight comes into view.
It is wielding a +1 battleaxe of flaming.
The death knight moves out of view.
You hit the phantasmal warrior but do no damage.
The phantasmal warrior hits you!!
You hear a shout!
You completely miss the phantasmal warrior.
A tengu warrior comes into view.
It is wielding a +0 war axe and wearing a +0 kite shield of protection.
The phantasmal warrior completely misses you.
You spit the phantasmal warrior like a pig!!!
You destroy the phantasmal warrior!
Trog accepts your kill.
You impale the wraith!!
You hear a shout!
You puncture the death knight!
You feel better. The wraith completely misses you.
The death knight mumbles some strange prayers to Yredelemnul against you.
You struggle to resist.
You puncture the death knight!
A tengu warrior comes into view.
It is wielding a +0 long sword and wearing a +1 buckler of poison resistance.
The wraith hits you! The wraith drains your vigour!
You feel yourself slow down. The death knight completely misses you.
You pound the death knight like an anvil!!!
You feel better.
You kill the death knight!
Trog accepts your kill. The wraith hits you. The wraith drains your vigour!
You feel as though you will be slow longer.
Your skin crawls.
You feel strong-willed. The tengu warrior misses you.
The tengu warrior pecks you but does no damage.
The tengu warrior claws you but does no damage.
The tengu warrior hits you but does no damage.
The tengu warrior misses you. x2
The death knight hits you but does no damage.
You barely miss the tengu warrior. The death knight completely misses you.
You crush the tengu warrior like a grape!!!
The tengu warrior barely misses you.
The tengu warrior pecks you but does no damage.
The tengu warrior claws you.
The death knight hits you with a +2 morningstar!
The tengu warrior hits you with a +0 long sword.
The tengu warrior closely misses you.
The tengu warrior claws you but does no damage.
The tengu warrior hits you but does no damage.
The tengu warrior pecks you but does no damage.
The tengu warrior claws you.
You impale the tengu warrior!!
You kill the tengu warrior!
Trog accepts your kill.
The death knight calls down the wrath of Yredelemnul upon you.
Your body is wracked with pain!
* * * LOW HITPOINT WARNING * * *
The tengu warrior misses you.
The tengu warrior completely misses you.
The tengu warrior claws you but does no damage.
The death knight misses you.
You bludgeon the tengu warrior!!
The tengu warrior hits you but does no damage.
The tengu warrior pecks you but does no damage.
The tengu warrior completely misses you.
The death knight closely misses you.
The tengu warrior hits you with a +0 war axe!
* * * LOW HITPOINT WARNING * * *
The tengu warrior pecks you but does no damage.
The tengu warrior claws you.
* * * LOW HITPOINT WARNING * * *
The tengu warrior blocks your attack. The death knight completely misses you.
The tengu warrior hits you with a +0 war axe!
* * * LOW HITPOINT WARNING * * *
The tengu warrior closely misses you. x2
The tengu warrior hits you with a +0 war axe!
* * * LOW HITPOINT WARNING * * *
The tengu warrior pecks you.
* * * LOW HITPOINT WARNING * * *
The tengu warrior claws you but does no damage.
The death knight barely misses you.
A freezing wraith comes into view.
Items here: )) [[[ †.
You puncture the death knight!
You feel better.
The tengu warrior completely misses you.
The tengu warrior pecks you but does no damage.
The tengu warrior closely misses you.
The death knight hits you but does no damage.
The tengu warrior closely misses you.
The tengu warrior pecks you but does no damage.
The tengu warrior misses you.
You hit the death knight.
You feel better. The death knight barely misses you.
The tengu warrior hits you but does no damage.
The tengu warrior completely misses you.
The tengu warrior closely misses you.
The death knight hits you with a +2 morningstar!
* * * LOW HITPOINT WARNING * * *
You hit the death knight.
The tengu warrior hits you but does no damage.
The tengu warrior misses you.
The tengu warrior claws you but does no damage.
The death knight offers itself to Yredelemnul, and fills with unholy energy.
The freezing wraith hits you.
* * * LOW HITPOINT WARNING * * *
The freezing wraith freezes you!
* * * LOW HITPOINT WARNING * * *
The freezing wraith hits you but does no damage.
The tengu warrior misses you.
The tengu warrior pecks you but does no damage.
The tengu warrior claws you but does no damage.
You spit the death knight like a pig!!!
The death knight reflects your damage back at you!
* * * LOW HITPOINT WARNING * * *
You hear a shout!
The death knight hits you with a +2 morningstar!
* * * LOW HITPOINT WARNING * * *
The freezing wraith hits you but does no damage.
The freezing wraith misses you.
The tengu warrior hits you with a +0 war axe.
* * * LOW HITPOINT WARNING * * *
The tengu warrior closely misses you. The tengu warrior misses you.
The death knight hits you with a +2 morningstar!
* * * LOW HITPOINT WARNING * * *
Okay, then.
Okay, then.
A red film seems to cover your vision as you go berserk!
You feel yourself moving faster!
You feel mighty!
The freezing wraith hits you but does no damage. x2
The tengu warrior hits you with a +0 war axe!
* * * LOW HITPOINT WARNING * * *
The tengu warrior pecks you but does no damage.
The tengu warrior claws you but does no damage.
The death knight hits you with a +2 morningstar!!
* * * LOW HITPOINT WARNING * * *
The freezing wraith closely misses you.
The freezing wraith hits you but does no damage.
You stick the freezing wraith like a pincushion!!!
You destroy the freezing wraith!
Trog accepts your kill.
The tengu warrior hits you with a +0 war axe!
* * * LOW HITPOINT WARNING * * *
The tengu warrior pecks you but does no damage.
The tengu warrior misses you.
The death knight hits you with a +2 morningstar!
You die...

## ## .# #. .######.. ##
........≈ # .....≈≈≈≈# # ##
..≈≈≈≈#≈≈≈≈ ### .# ###.
..≈#≈≈≈≈#≈≈≈.. ..# #.#####...
..≈≈≈#≈≈≈≈#≈.#######.##.....p.<..
...≈≈≈≈#≈≈≈≈....@Q##.............
...≈#≈≈≈≈#≈≈≈.###p##..l.l..#.....
#..≈≈≈#≈≈≈≈#≈.###C##)# ..........
#...≈≈≈≈#≈≈≈≈.#..l...# .##.#....H
###.≈#≈≈≈≈....#.#.#..# #.##....
#.≈≈≈................. # ##.#c
#.........###.#.#..#..# #.c.
####...#### #......#.... #####
######## .##.


You could see a death knight (reflects damage), a tengu warrior, a cyclops and a
basilisk.

Vanquished Creatures
  Gastronok (Lair:3)
  Kirke (Lair:6)
  Snorg (Lair:2)
  Josephine (Lair:6)
  Fannar (D:11)
  Harold (D:7)
  13 hydras
  4 vault guards (D:14)
  6 centaur warriors
  3 catoblepae
  3 two-headed ogres
  A death knight (D:15)
  Erica (D:11)
  3 tengu warriors
  24 death yaks
  A deep troll shaman (Lair:6)
  Urug (D:10)
  4 slime creatures
  A skeletal warrior (D:15)
  A phantasmal warrior (D:15)
  Pikel (D:5)
  A deep elf pyromancer (D:14)
  A lindwurm (Lair:6)
  An oklob plant (Lair:1)
  4 cyclopes
  17 ugly things
  2 manticores
  17 elephants
  8 black mambas
  Joseph (Lair:1)
  2 gargoyles
  14 cane toads
  6 rime drakes
  2 unseen horrors (D:12)
  Maggie (D:9)
  4 kobold demonologists
  3 torpor snails
  An efreet (D:14)
  8 komodo dragons
  A freezing wraith (D:15)
  2 tengu conjurers (D:13)
  A queen bee (Lair:5)
  2 trolls
  3 meliai (Lair:5)
  4 polar bears (Lair:6)
  Grinder (D:6)
  2 hornets
  17 blink frogs
  Prince Ribbit (D:6)
  A jumping spider (Lair:4)
  A centaur simulacrum (D:14)
  A shadow (D:11)
  13 wyverns
  Sigmund (D:5)
  A vampire (D:10)
  7 wraiths
  47 yaks
  Eustachio (D:6)
  16 basilisks
  4 steam dragons
  8 vampire mosquitoes
  An acid dragon (D:9)
  Duvessa (D:4)
  7 water moccasins
  A water moccasin (shapeshifter) (D:14)
  Pargi (Sewer)
  4 orc warriors
  A hornet zombie (D:8)
  An ice beast (D:6)
  9 black bears
  A necrophage (D:6)
  A sky beast (D:7)
  3 ogres
  20 wolves
  20 centaurs
  5 kobold brigands
  9 bullfrogs
  A wyvern zombie (D:7)
  A gnoll sergeant (D:6)
  3 scorpions
  Dowan (D:4)
  49 killer bees
  11 wights
  3 howler monkeys
  4 electric eels
  A bullfrog zombie (D:5)
  A centaur zombie (D:8)
  4 hounds
  11 orc priests
  A bullfrog skeleton (D:4)
  Crazy Yiuf (D:5)
  Ijyb (D:5)
  A scorpion zombie (D:5)
  An iguana (D:7)
  7 orc wizards
  6 hell rats (Lair:4)
  A howler monkey zombie (D:9)
  13 gnolls
  2 river rats (Lair:5)
  An adder (D:3)
  A shadow imp (D:5)
  4 white imps
  An ufetubus (D:5)
  A worm (D:3)
  29 orcs
  5 bats
  2 endoplasms
  5 giant cockroaches
  9 goblins
  2 hobgoblins
  2 jackals (D:2)
  3 quokkas
  3 training dummies (D:7)
  8 ball pythons
  4 frilled lizards
  22 kobolds
  4 rats
616 creatures vanquished.

Vanquished Creatures (others)
  A blink frog (Lair:6)
  5 humans (Lair:6)
  An orc wizard (D:11)
  23 fungi
  31 plants
61 creatures vanquished.

Grand Total: 677 creatures vanquished

Notes
Turn   | Place    | Note
-------+----------+-------------------------------------------
     0 | D:1      | CryoSword the Ogre Berserker began the quest for the Orb.
     0 | D:1      | Reached XP level 1. HP: 24/24 MP: 1/1
   119 | D:1      | Found a faded altar of an unknown god.
   669 | D:2      | Reached XP level 2. HP: 32/32 MP: 2/2
  1892 | D:3      | Reached XP level 3. HP: 37/40 MP: 3/3
  2158 | D:3      | Found Filoeqer's Weapon Emporium.
  2437 | D:3      | Reached XP level 4. HP: 49/49 MP: 4/4
  3061 | D:3      | Found an ornate altar of the Wu Jian Council.
  3381 | D:3      | Reached ** piety under Trog
  3434 | D:4      | Reached skill level 5 in Fighting
  3434 | D:4      | Reached XP level 5. HP: 27/57 MP: 5/5
  3597 | D:4      | Found a staircase to the Ecumenical Temple.
  3697 | D:5      | Entered Level 5 of the Dungeon
  3705 | D:4      | Found a white marble altar of Elyvilon.
  3705 | D:4      | Found a burning altar of Makhleb.
  3733 | D:4      | Noticed Dowan
  3736 | D:4      | Noticed Duvessa
  3762 | D:4      | Reached XP level 6. HP: 49/66 MP: 6/6
  3794 | D:4      | Noticed a black bear
  3804 | D:4      | Killed a black bear
  3871 | D:4      | Reached skill level 5 in Maces & Flails
  4035 | D:4      | Reached skill level 6 in Fighting
  4035 | D:4      | Reached XP level 7. HP: 51/75 MP: 7/7
  4418 | D:4      | Killed Duvessa
  4422 | D:4      | Killed Dowan
  4618 | D:5      | Noticed Pikel
  4637 | D:5      | Killed Pikel
  4638 | D:5      | Reached skill level 7 in Fighting
  4638 | D:5      | Reached skill level 5 in Dodging
  4638 | D:5      | Reached XP level 8. HP: 33/87 MP: 8/8
  4998 | D:5      | Noticed Sigmund
  5005 | D:5      | Killed Sigmund
  5006 | D:5      | Reached skill level 8 in Fighting
  5071 | D:5      | Noticed Ijyb
  5082 | D:5      | Killed Ijyb
  5202 | D:5      | Found a runed translucent door.
  5203 | D:5      | Noticed Crazy Yiuf
  5408 | D:5      | Killed Crazy Yiuf
  5461 | D:6      | Noticed Eustachio
  5489 | D:6      | Killed Eustachio
  5490 | D:6      | Reached XP level 9. HP: 76/97 MP: 9/9
  5569 | D:6      | Found a glowing drain.
  5578 | Sewer    | Entered a sewer
  5590 | Sewer    | Noticed Pargi
  5617 | Sewer    | Killed Pargi
  5798 | D:6      | Noticed Prince Ribbit
  5806 | D:6      | Killed Prince Ribbit
  5841 | D:6      | Reached skill level 9 in Fighting
  5919 | D:6      | Noticed Grinder
  5982 | D:6      | Killed Grinder
  6575 | D:7      | Noticed Harold
  6590 | D:7      | Killed Harold
  6591 | D:7      | Reached skill level 10 in Fighting
  6591 | D:7      | Reached XP level 10. HP: 106/110 MP: 10/10
  6616 | D:7      | Found Zemirr's Firing Range.
  7259 | D:8      | Reached skill level 10 in Maces & Flails
  8059 | D:9      | Noticed Maggie
  8348 | D:9      | Reached skill level 11 in Fighting
  8357 | D:9      | Found Leagiof's Armour Boutique.
  8465 | D:9      | Killed Maggie
  8639 | D:9      | Reached skill level 1 in Armour
  8749 | D:9      | Reached XP level 11. HP: 120/120 MP: 11/11
  9055 | D:10     | Entered Level 10 of the Dungeon
  9178 | D:10     | Reached skill level 12 in Fighting
  9272 | D:10     | Reached *** piety under Trog
  9455 | D:10     | Noticed Urug
  9487 | D:10     | Killed Urug
  9791 | D:10     | Noticed a death yak
  9791 | D:10     | Noticed a death yak
  9791 | D:10     | Found a staircase to the Lair.
  9900 | D:10     | Noticed a death yak
  9902 | D:10     | Noticed a death yak
  9902 | D:10     | Noticed a death yak
  9918 | D:10     | Noticed a death yak
  9919 | D:10     | Noticed a death yak
  9939 | D:10     | Killed a death yak
  9960 | D:10     | Killed a death yak
  9976 | D:10     | Killed a death yak
 10038 | D:9      | Killed a death yak
 10039 | D:9      | Reached skill level 13 in Fighting
 10142 | D:9      | Killed a death yak
 10143 | D:9      | Reached XP level 12. HP: 121/136 MP: 12/12
 10160 | D:9      | Killed a death yak
 10214 | D:10     | Noticed a centaur warrior
 10241 | D:10     | Noticed a boulder beetle
 10420 | D:10     | Found a staircase to the Orcish Mines.
 10550 | D:10     | Found a bloodstained altar of Trog.
 10889 | D:11     | Noticed a seven-headed hydra
 10908 | D:11     | Killed a seven-headed hydra
 11091 | D:11     | Noticed a two-headed ogre
 11103 | D:11     | Killed a two-headed ogre
 11103 | D:11     | Noticed a sun demon
 11112 | D:11     | Reached skill level 5 in Armour
 11238 | D:11     | Noticed Fannar
 11256 | D:11     | Killed Fannar
 11485 | D:11     | Noticed Erica
 11502 | D:11     | Killed Erica
 11503 | D:11     | Reached skill level 14 in Fighting
 11680 | Lair:1   | Entered Level 1 of the Lair of Beasts
 11958 | Lair:1   | Noticed a six-headed hydra
 12024 | Lair:1   | Killed a six-headed hydra
 12191 | Lair:1   | Noticed Joseph
 12199 | Lair:1   | Killed Joseph
 12306 | Lair:1   | Found the +1 robe of Vines {NoPotionHeal Regen++++}
 12372 | Lair:1   | Noticed a seven-headed hydra
 12395 | Lair:1   | Killed a seven-headed hydra
 12396 | Lair:1   | Reached XP level 13. HP: 131/148 MP: 13/13
 12986 | Lair:2   | Identified the +7 chain mail "Seec" {Rampage Str-2 Dex+3}
 13403 | Lair:2   | Reached skill level 15 in Fighting
 13698 | Lair:3   | Noticed Snorg
 13722 | Lair:2   | HP: 11/223 [Snorg (1)]
 13724 | Lair:2   | Killed Snorg
 13867 | Lair:3   | Noticed Gastronok
 13892 | Lair:2   | Reached skill level 15 in Maces & Flails
 14103 | Lair:3   | Found a staircase to the Shoals.
 14963 | Lair:3   | Killed Gastronok
 14964 | Lair:3   | Reached skill level 1 in Stealth
 15179 | Lair:4   | Found a hole to the Spider Nest.
 15272 | Lair:4   | Reached XP level 14. HP: 100/161 MP: 14/14
 15735 | Lair:4   | Reached skill level 16 in Fighting
 16483 | Lair:5   | Reached **** piety under Trog
 17685 | Lair:6   | Entered Level 6 of the Lair of Beasts
 17709 | Lair:6   | Noticed Kirke
 17727 | Lair:6   | Killed Kirke
 17805 | Lair:6   | Reached XP level 15. HP: 163/171 MP: 15/15
 17949 | Lair:6   | Noticed Josephine
 17970 | Lair:6   | Found a staircase to the Slime Pits.
 17970 | Lair:6   | Found a viscous altar of Jiyva.
 17979 | Lair:6   | Killed Josephine
 18007 | Lair:6   | Reached ***** piety under Trog
 18395 | Lair:6   | Reached skill level 17 in Fighting
 18685 | Lair:6   | Reached skill level 5 in Stealth
 19142 | D:12     | Identified the +8 dire flail "Miorghocho" {vorpal, Dex+8}
                  | (Trog gifted it to you on level 12 of the Dungeon)
 19142 | D:12     | Received a gift from Trog
 20822 | D:14     | Found a gate to the Vaults.
 20835 | D:14     | Reached XP level 16. HP: 182/185 MP: 16/16
 20854 | D:14     | Reached skill level 10 in Dodging
 21033 | D:14     | You fall into a shaft and drop 1 floor!
 21033 | D:15     | Entered Level 15 of the Dungeon
 21148 | D:15     | Found a blossoming altar of Fedhas.
 21239 | D:14     | Received a gift from Trog
 21347 | D:14     | Reached skill level 18 in Fighting
 21588 | D:15     | HP: 6/277 [tengu warrior/+0 war axe[a tengu warrior] (13)]
 21588 | D:15     | Mangled by a death knight

Illustrated notes

Levels and vault maps discovered:
D:1:      dpeg_arrival_castle, layout_basic,
          shapermc_ecumenical_altar_mp_highgroup, minivault_19
D:2:      layout_loops_ring, minmay_misc_feat_tiny, lemuel_flame_loot_1
D:3:      layout_basic, lemuel_coloured_pillars_altar, serial_shops,
          nicolae_shop_window_shopping, chequers_serial_rivers_micro_d
D:4:      layout_basic, chequers_temple_overflow_statue_of_worship,
          temple_pool_b, uniq_duvessa
D:5:      layout_loops_ring, nicolae_elevator_lobby_plus, uniq_ijyb,
          uniq_sigmund, uniq_crazy_yiuf_cottage, uniq_pikel
D:6:      layout_gridville, cheibrodos_sewer_entry_drain, uniq_grinder,
          uniq_eustachio, uniq_prince_ribbit1
D:7:      layout_basic, nrook_uturn, nicolae_shop_firing_range, uniq_harold
D:8:      layout_cave_pods, grunt_decor_mini_mirrors
D:9:      layout_cross, serial_shops, shop_fountains, nrook_loot_triangle,
          minmay_misc_feat_alley, uniq_maggie
D:10:     layout_basic, bloody_trog, dpeg_lair_monsters, orc_0_dummy,
          minmay_misc_feat_roman, dreamdust_deal_with_the_devil,
          onia_ninara_dug_in_and_dangerous, uniq_urug
D:11:     layout_rooms, david_greed, uniq_fannar, uniq_erica
D:12:     layout_long_grid
D:13:     layout_irregular_city
D:14:     layout_stronghold, lightli_vaults_fourway_checkpoint,
          serial_park_gazebo [serial_park_minivault_5x5_7],
          kennysheep_windowed_goal
D:15:     gammafunk_enter_depths_forms, layout_loops_ring,
          nicolae_lava_and_water, fedhas_altar_fruit_tree
Lair:1:   layout_roguey, cheibrodos_lair_caveside_slide,
          hellmonk_guarded_unrand_vines, serial_bayou_shore_a,
          infiniplex_staircase_pool_2, uniq_joseph
Lair:2:   layout_roguey, lemuel_fruit_fields
Lair:3:   layout_regular_city, shoals_dummy_entry, beast_lair_carwin_8,
          uniq_gastronok, uniq_snorg
Lair:4:   layout_gridlike, spider_nest_entry_a, special_room
          [special_room_mythical_zoo]
Lair:5:   hangedman_what_comes_after_a, layout_hall_layers
Lair:6:   grunt_lair_end_beastmaster, layout_hall_layers, slime_altar_1,
          serial_bayou_shore_b, uniq_josephine, uniq_kirke

Skill      XL: |  1  2  3  4  5  6  7  8  9 10 11 12 13 14 15 16 |
---------------+-------------------------------------------------+-----
Maces & Flails | 3 4 5 7 9 11 12 14 15 16 17 | 17.9
Dodging        | 3 4 5 7 8 9 10 | 10.3
Fighting       | 5 6 7 8 10 11 13 14 15 16 17 18 | 18.0
Armour         | 1 4 6 7 8 9 |  9.7
Stealth        | 1 4 5 |  5.0

Action                   |  1- 3 |  4- 6 |  7- 9 | 10-12 | 13-15 | 16-18 || total
-------------------------+-------+-------+-------+-------+-------+-------++-------
Melee: Mace              |   111 |   105 |    53 |       |       |       ||   269
       Punch             |     2 |     3 |     6 |    12 |    19 |       ||    42
       Whip              |       |       |   231 |   884 |   590 |       ||  1705
       Giant spiked club |       |       |       |    20 |   834 |   115 ||   969
Throw: Boomerang         |       |       |       |    12 |       |       ||    12
Invok: Berserk           |     2 |     3 |    10 |    21 |    13 |     3 ||    52
       Trog's Hand       |       |     2 |     7 |    16 |    20 |     1 ||    46
  Use: Scroll            |       |     3 |     4 |    12 |    12 |       ||    31
       Potion            |       |       |       |     2 |     3 |       ||     5
 Stab: Sleeping          |       |       |     4 |     6 |     8 |     4 ||    22
       Distracted        |       |       |       |       |     4 |       ||     4
       Petrified         |       |       |       |       |    17 |       ||    17
       Petrifying        |       |       |       |       |     2 |       ||     2
Armor: Animal skin       |    45 |    25 |     7 |       |       |       ||    77
       Robe              |       |       |    76 |       |   279 |    89 ||   444
       Troll leather arm |       |       |    17 |   167 |   461 |       ||   645
Dodge: Dodged            |    63 |    45 |   171 |   364 |  1363 |   123 ||  2129
